 Dungeon Crawl Stone Soup version 0.26.1-11-gd32895ea62 (webtiles) character file.

Game seed: 15274224215036882135

853 Zeld the Slicer (level 8, -8/50 HPs)
             Began as an Octopode Brigand on May 13, 2021.
             Was an Initiate of Fedhas.
             Mangled by an orc warrior
             ... wielding a +0 trident
              (15 damage)
             ... on level 6 of the Dungeon.
             The game lasted 00:06:12 (7438 turns).

Zeld the Slicer (Octopode Brigand)                  Turns: 7438, Time: 00:06:13

Health: -8/50      AC:  1    Str: 13    XL:     8   Next: 1%
Magic:  8/8        EV: 13    Int: 13    God:    Fedhas [......]
Gold:   246        SH:  0    Dex: 13    Spells: 7/7 levels left

rFire    . . .     SeeInvis .   a - +0 dagger (venom)
rCold    . . .     Faith    .   (no shield)
rNeg     . . .     Spirit   .   (helmet restricted)
rPois    .         Reflect  .   (no amulet)
rElec    .         Harm     .   (no ring)
rCorr    .         Rampage  .   (no ring)
Will     .....                  (no ring)
Stlth    ++++......             (no ring)
HPRegen  0.16/turn              (no ring)
MPRegen  0.11/turn              (no ring)
                                (no ring)
                                (no ring)

@: no status effects
A: almost no armour, stealthy swim, amphibious, 8 rings, constrict 8, camouflage
1, gelatinous body 1
a: Renounce Religion


You were on level 6 of the Dungeon.
You worshipped Fedhas.
Fedhas was noncommittal.
You visited 2 branches of the dungeon, and saw 7 of its levels.

You collected 246 gold pieces.

Inventory:

Hand Weapons
 a - a +0 dagger of venom (weapon)
 b - a +3 dagger of draining
 c - a +2 dagger
Missiles
 k - 18 poisoned darts (quivered)
 o - 2 curare-tipped darts
Jewellery
 f - an uncursed ring of flight {unknown}
 u - an uncursed ring of protection from fire {unknown}
 C - an uncursed ring of flight {unknown}
Scrolls
 d - 5 scrolls of amnesia {unknown}
 e - 4 scrolls of teleportation {unknown}
 i - a scroll of blinking {unknown}
 l - 2 scrolls of fear {unknown}
 p - 3 scrolls of identify {unknown}
 s - a scroll of fog {unknown}
 v - a scroll of immolation {unknown}
 w - 2 scrolls of remove curse {unknown}
 x - a scroll of magic mapping {unknown}
 y - a scroll of vulnerability {unknown}
Potions
 g - 2 potions of heal wounds {unknown}
 h - a potion of degeneration {unknown}
 j - a potion of resistance {unknown}
 m - a potion of haste {unknown}
 n - 4 potions of curing {unknown}
 q - 2 potions of brilliance {unknown}
 r - 2 potions of lignification {unknown}
 t - 2 potions of flight {unknown}
 z - a potion of ambrosia {unknown}
 A - a potion of mutation {unknown}
 B - a potion of attraction {unknown}
 D - a potion of might {unknown}


   Skills:
 - Level 2.0 Fighting
 * Level 9.0 Short Blades
 - Level 2.0 Throwing
 - Level 1.0 Dodging
 - Level 5.3 Stealth


You had 7 spell levels left.
You didn't know any spells.
Your spell library was empty.

Dungeon Overview and Level Annotations

Branches:
Dungeon (6/15)             Temple (1/1) D:5

Altars:
Ashenzari
Cheibriados
Dithmenos
Elyvilon
Fedhas
Gozag
Hepliaklqana
Kikubaaqudgha
Makhleb
Nemelex Xobeh
Okawaru
Qazlal
Ru
Sif Muna
Trog
Uskayaw
Vehumet
Xom
Yredelemnul
Zin
The Shining One


Innate Abilities, Weirdness & Mutations

You cannot wear most types of armour.
You are very stealthy in the water. (Stealth+)
You are amphibious.
You can wear up to eight rings at the same time.
You can use your tentacles to constrict eight enemies at once.
Your skin changes colour to match your surroundings (Stealth+).
Your rubbery body absorbs attacks. (AC +1, EV +1)


Message History

a +0 flail of protection; a +0 leather armour The orc wizard miscasts a cantrip.
The orc wizard hits you with a +0 dagger.
* * * LOW HITPOINT WARNING * * *
You hit the orc wizard but do no damage.
The orc wizard is poisoned.
You grab the orc wizard.
You squeeze the orc wizard, but do no damage.
You constrict the orc wizard, but do no damage.
Unknown command.
Okay, then.
Okay, then.
You hit the orc wizard.
The orc wizard looks as sick as possible!
The orc wizard is lightly wounded.
You constrict the orc wizard, but do no damage.
The orc wizard gestures at you while chanting.
The puff of frost misses you.
The orc warrior hits you from afar with a +0 trident!
You die...
Fedhas appreciates your contribution to the ecosystem.

..# #........#...#
###
#.####.#...########
# # #(...........#
# ##.#.........# #
##((#..o......# #
#.).####o###### #
#o#(# #.o# ######
##o#)# #.## [....##
#@.#.###o#
####..###
####.##.(.#o# #
##...#
##....####...# #
###<#
#..#######..## #.#
#.## #....## #.#
#.# #.##>.#
#.####.# ####.###.#
#......# #....#
#.## ##.....#
#.#### #..##


You could see an orc warrior and an orc wizard (fast, extremely poisoned).

Vanquished Creatures
  Edmund (D:6)
  An ogre (D:6)
  A bullfrog (D:6)
  A scorpion (D:4)
  2 hounds
  A jelly (D:5)
  An orc priest (D:6)
  A bullfrog skeleton (D:4)
  3 orc wizards
  3 iguanas
  2 worker ants
  A hound zombie (D:6)
  6 adders
  An ufetubus (D:6)
  3 worms
  A dart slug (D:1)
  5 leopard geckos
  15 orcs
  2 ball pythons
  A giant cockroach (D:1)
  8 goblins
  6 hobgoblins
  4 jackals
  9 kobolds
  3 quokkas
  6 bats
  4 frilled lizards
  A jackal skeleton (D:6)
  6 rats
  A bush (D:1)
100 creatures vanquished.

Notes
Turn   | Place    | Note
-------+----------+-------------------------------------------
     0 | D:1      | Zeld the Octopode Brigand began the quest for the Orb.
     0 | D:1      | Reached XP level 1. HP: 14/14 MP: 1/1
   212 | D:1      | Reached XP level 2. HP: 18/19 MP: 2/2
   440 | D:1      | Reached skill level 3 in Short Blades
  1112 | D:2      | Reached XP level 3. HP: 24/24 MP: 3/3
  1416 | D:2      | Reached skill level 4 in Short Blades
  1840 | D:3      | Reached XP level 4. HP: 29/29 MP: 4/4
  2803 | D:3      | Reached skill level 5 in Short Blades
  2803 | D:3      | Reached XP level 5. HP: 27/34 MP: 5/5
  3651 | D:4      | Reached skill level 6 in Short Blades
  3651 | D:4      | Reached XP level 6. HP: 28/39 MP: 6/6
  4476 | D:5      | Entered Level 5 of the Dungeon
  4669 | D:5      | Reached skill level 7 in Short Blades
  4820 | D:5      | Reached XP level 7. HP: 45/45 MP: 7/7
  5155 | D:5      | Found a staircase to the Ecumenical Temple.
  5264 | Temple   | Entered the Ecumenical Temple
  5275 | Temple   | Became a worshipper of Fedhas Madash
  5960 | D:6      | Noticed Edmund
  5980 | D:6      | Killed Edmund
  6148 | D:6      | Reached skill level 8 in Short Blades
  7433 | D:6      | Reached skill level 9 in Short Blades
  7433 | D:6      | Reached XP level 8. HP: 31/50 MP: 8/8
  7438 | D:6      | Mangled by an orc warrior

Illustrated notes

Levels and vault maps discovered:
D:1:      evilmike_arrival_rings, layout_basic, serial_forest,
          infiniplex_forest_fountain, infiniplex_forest_3_way,
          infiniplex_forest_clump_small, infiniplex_forest_straight_2,
          infiniplex_forest_lined_room_3, infiniplex_forest_clump_large,
          infiniplex_forest_straight_5, infiniplex_forest_straight_2,
          infiniplex_forest_lined_ring, infiniplex_forest_lined_3_way
D:2:      layout_rooms
D:3:      layout_basic
D:4:      layout_basic, guppyfry_early_lair_pool
D:5:      layout_cave_pods, minmay_temple_entry_enclosed_plants
D:6:      layout_rooms, uniq_edmund
Temple:   nicolae_temple_the_god_donut

Skill      XL: |  1  2  3  4  5  6  7 |
---------------+----------------------+-----
Short Blades   | 3 4 5 6 7 9 |  9.0
Fighting       | |  2.0
Throwing       | |  2.0
Dodging        | |  1.0
Stealth        | |  5.3

Action                   |  1- 3 |  4- 6 |  7- 9 || total
-------------------------+-------+-------+-------++-------
Melee: Dagger            |   157 |   108 |    51 ||   316
       Constrict         |    12 |    26 |    13 ||    51
       Tentacles         |    30 |    14 |    14 ||    58
Throw: Dart              |       |       |    19 ||    19
 Stab: Sleeping          |    13 |    13 |     3 ||    29
Armor: Skin              |     1 |     9 |     3 ||    13
Dodge: Dodged            |    35 |    50 |    20 ||   105
